 Dungeon Crawl Stone Soup version 0.20-a0-629-gc37eb77 (webtiles) character file.

3673 Colliwobble the Basher (level 10, 0/84 HPs)
             Began as a Gargoyle Fighter on Feb 10, 2017.
             Was a Believer of Trog.
             Slain by an ogre
             ... wielding a +0 giant club
              (13 damage)
             ... on level 8 of the Dungeon.
             The game lasted 00:18:40 (6287 turns).

Colliwobble the Basher (Gargoyle Fighter)           Turns: 6287, Time: 00:18:40

Health: 0/84       AC: 19    Str: 27    XL:     10   Next: 13%
Magic:  10/10      EV:  4    Int: 10    God:    Trog [**....]
Gold:   306        SH: 10    Dex: 12    Spells: 9/9 levels left

rFire    . . .     SeeInvis .   a - +0 flail
rCold    . . .     Gourm    .   F - +0 plate armour
rNeg     + . .     Faith    .   c - +0 shield
rPois    ∞         Spirit   .   (no helmet)
rElec    +         Reflect  .   s - +0 cloak
rCorr    .         Harm     .   (no gloves)
MR       .....                  (no boots)
Stlth    ..........             (no amulet)
Regen    0.3/turn               (no ring)
                                p - +3 ring of dexterity

@: berserking, starving, very quick
A: negative energy resistance 1, electricity resistance, unbreathing,
petrification resistance, rot immunity, AC +7
a: Berserk, Trog's Hand, Burn Spellbooks, Renounce Religion


You were on level 8 of the Dungeon.
You worshipped Trog.
Trog was pleased with you.
You were starving.

You visited 1 branch of the dungeon, and saw 8 of its levels.

You collected 306 gold pieces.

Inventory:

Hand Weapons
 a - a +0 flail (weapon)
 b - a +0 hunting sling of flaming
Missiles
 w - 24 sling bullets
 H - a throwing net (quivered)
Armour
 c - a +0 shield (worn)
 s - a +0 cloak (worn)
 F - a +0 plate armour (worn)
Jewellery
 p - a +3 ring of dexterity (left hand)
 D - an uncursed ring of ice
Wands
 C - a wand of iceblast (8/15)
Scrolls
 g - 3 scrolls of enchant weapon {unknown}
 h - a scroll of blinking {unknown}
 j - 3 scrolls of noise {unknown}
 k - 2 scrolls of immolation {unknown}
 l - 5 scrolls of identify {unknown}
 n - 6 scrolls of remove curse {unknown}
 r - 4 scrolls of magic mapping {unknown}
 t - a scroll of fog {unknown}
 u - 2 scrolls of teleportation {unknown}
 v - a scroll of random uselessness {unknown}
 y - a scroll of fear {unknown}
Potions
 d - a potion of might
 e - a potion of magic {unknown}
 i - 4 potions of heal wounds {unknown}
 o - a potion of haste {unknown}
 q - a potion of curing {unknown}
 x - a potion of resistance {unknown}
 z - a potion of cancellation {unknown}
 A - 2 potions of agility {unknown}
 B - a potion of mutation {unknown}
 E - a potion of brilliance {unknown}
 G - a potion of degeneration {unknown}
Comestibles
 f - 9 bread rations
 m - 4 meat rations


   Skills:
 - Level 3.2 Fighting
 + Level 13.7 Maces & Flails
 - Level 3.2 Armour
 - Level 3.2 Shields


You had 9 spell levels left.
You didn't know any spells.

Dungeon Overview and Level Annotations

Branches:
Dungeon (8/15)             Temple (0/1) D:5
   Lair: D:8-11

Altars:
Trog

Shops:
D:7 }

Annotations:
D:4 exclusion: downstairs
D:6 Grinder


Innate Abilities, Weirdness & Mutations

You are resistant to torment.
Your stone body is resilient. (AC +7)
You are immune to poison.
You resist negative energy. (rN+)
You are resistant to electric shocks. (rElec)
You can survive without breathing.
You are immune to petrification.
You are immune to rotting.


Message History

The ogre is moderately wounded.
The ogre hits you with a giant club.
* * * LOW HITPOINT WARNING * * *
Your plate armour prevents you from hitting the ogre.
The ogre is moderately wounded.
You block the big kobold's attack.
Your shield and plate armour prevent you from hitting the ogre.
The ogre is moderately wounded.
The ogre hits you with a giant club!
* * * LOW HITPOINT WARNING * * *
Your plate armour prevents you from hitting the ogre.
The ogre is moderately wounded.
You block the big kobold's attack.
The vampire gestures wildly while chanting.
The vampire flickers and vanishes!
Deactivating autopickup; reactivate with Ctrl-A.
Your shield and plate armour prevent you from hitting the ogre.
The ogre is moderately wounded.
The ogre hits you with a giant club!
You die...

# ##.# #..# #..# # #..#
#..# ..#..###..# #.#
..........# ..##
#.......# #..# #{.....#
#..# #O###..# #..#
##@###..# #..# #.KO##..#
#..#
......##.###.#####.#..##
###### #.###.......#...<
#K...†#####.#(###
#.##.)#.. #)###
#K###)#.# #))..
#####)###.#.# #.###
#.K.......#.# #.#


You could see a two-headed ogre, a big kobold, an ogre and 2 kobolds.

Vanquished Creatures
  Erica (D:8)
  A two-headed ogre (D:8)
  Prince Ribbit (D:7)
  A wyvern (D:8)
  The ghost of Iamsock the Sneak, an amateur OpGl (D:3)
  An orc warrior (D:6)
  A sky beast (D:7)
  2 ogres
  3 centaurs
  Blork the orc (D:5)
  A big kobold (D:8)
  3 bullfrogs
  2 scorpions
  4 howler monkeys
  A crimson imp (D:8)
  A hound (D:6)
  A centaur skeleton (D:5)
  An orc priest (D:8)
  A jelly (D:6)
  A bullfrog skeleton (D:7)
  An iguana (D:6)
  5 orc wizards
  5 worker ants
  10 gnolls
  8 adders
  A shadow imp (D:6)
  2 oozes
  2 worms
  2 dart slugs
  4 leopard geckos
  15 orcs
  4 giant cockroaches
  9 goblins
  9 hobgoblins
  16 jackals
  19 kobolds
  4 quokkas
  6 ball pythons
  10 bats
  6 frilled lizards
  A leopard gecko skeleton (D:4)
  7 rats
175 creatures vanquished.

Notes
Turn   | Place    | Note
-------+----------+-------------------------------------------
     0 | D:1      | Colliwobble the Gargoyle Fighter began the quest for the Orb.
     0 | D:1      | Reached XP level 1. HP: 14/14 MP: 1/1
   168 | D:1      | Reached XP level 2. HP: 10/19 MP: 2/2
   323 | D:1      | Reached skill level 3 in Maces & Flails
   480 | D:1      | Reached XP level 3. HP: 23/23 MP: 3/3
   864 | D:2      | Reached skill level 4 in Maces & Flails
   923 | D:2      | Reached XP level 4. HP: 26/28 MP: 4/4
  1051 | D:2      | Found a faded altar of an unknown god.
  1405 | D:3      | Noticed Iamsock's ghost (amateur OpGl)
  1632 | D:3      | Reached skill level 5 in Maces & Flails
  1635 | D:3      | Reached XP level 5. HP: 22/32 MP: 5/5
  2047 | D:3      | Killed Iamsock's ghost
  2047 | D:3      | Reached skill level 6 in Maces & Flails
  2047 | D:3      | Reached XP level 6. HP: 34/37 MP: 6/6
  2779 | D:4      | Reached skill level 7 in Maces & Flails
  2803 | D:4      | Found a bloodstained altar of Trog.
  2813 | D:4      | Became a worshipper of Trog the Wrathful
  2974 | D:4      | Reached XP level 7. HP: 41/41 MP: 7/7
  3373 | D:5      | Entered Level 5 of the Dungeon
  3458 | D:5      | Found a staircase to the Ecumenical Temple.
  3584 | D:5      | Reached skill level 8 in Maces & Flails
  4069 | D:5      | Noticed Blork the orc
  4079 | D:5      | Killed Blork the orc
  4079 | D:5      | Reached skill level 9 in Maces & Flails
  4079 | D:5      | Reached XP level 8. HP: 30/46 MP: 8/8
  4240 | D:5      | Reached * piety under Trog
  4335 | D:6      | Noticed Grinder
  4335 | D:6      | Paralysed by Grinder for 7 turns
  4530 | D:6      | Reached skill level 10 in Maces & Flails
  5048 | D:7      | Found Hudwic's Quality Used Wands.
  5148 | D:7      | Reached skill level 11 in Maces & Flails
  5189 | D:7      | Noticed Prince Ribbit
  5212 | D:7      | Killed Prince Ribbit
  5212 | D:7      | Reached XP level 9. HP: 37/51 MP: 9/9
  5651 | D:8      | Reached ** piety under Trog
  5940 | D:8      | Reached skill level 12 in Maces & Flails
  6111 | D:8      | Noticed Erica
  6129 | D:8      | Killed Erica
  6186 | D:8      | Noticed a two-headed ogre
  6203 | D:8      | Killed a two-headed ogre
  6203 | D:8      | Reached skill level 13 in Maces & Flails
  6203 | D:8      | Reached XP level 10. HP: 26/56 MP: 10/10
  6235 | D:8      | Noticed a two-headed ogre
  6287 | D:8      | Slain by an ogre

Vault maps used:
D:1:      wheals_arrival_linesprint
D:2:      chequers_ecumenical_altar_simple_redux
D:3:      kennysheep_generic_room_10
D:4:      trog_three_pillars_becter
D:5:      minmay_temple_entry_statues_fountains, first_bread, uniq_blork_the_orc
D:6:      kennysheep_windowed_halls, elyvilon_altar_5, uniq_grinder,
          uniq_menkaure
D:7:      the_bakery, nicolae_for_you_no_charge, uniq_prince_ribbit1
D:8:      kennysheep_mini_moat, serial_shops, shop, roderic_lattice_a,
          uniq_erica

Skill      XL: |  1  2  3  4  5  6  7  8  9 |
---------------+----------------------------+-----
Maces & Flails | 3 4 5 6 7 9 11 13 | 13.7
Fighting       | |  3.2
Armour         | |  3.2
Shields        | |  3.2

Action                   |  1- 3 |  4- 6 |  7- 9 | 10-12 || total
-------------------------+-------+-------+-------+-------++-------
Melee: Flail             |   119 |   274 |   363 |    15 ||   771
 Fire: Hunting sling     |       |     6 |    11 |       ||    17
Invok: Berserk           |       |       |     3 |     1 ||     4
  Use: Potion            |       |     1 |     2 |       ||     3
 Stab: Distracted        |       |     1 |       |       ||     1
  Eat: Chunk             |       |     7 |    13 |       ||    20
Armor: Scale mail        |    70 |   174 |    68 |       ||   312
       Plate armour      |       |       |    97 |     7 ||   104
Dodge: Dodged            |    37 |    86 |    73 |     1 ||   197
Block: Shield            |    62 |   175 |   129 |     8 ||   374
